 Dungeon Crawl Stone Soup version 0.19.5 (webtiles) character file.

1253 Kalash the Cleaver (level 8, -7/68 HPs)
             Began as a Deep Dwarf Fighter on Apr 11, 2017.
             Was a Believer of Elyvilon.
             Mangled by an orc warrior
             ... wielding a +3 halberd
              (17 damage)
             ... on level 5 of the Dungeon.
             The game lasted 00:28:39 (5588 turns).

Kalash the Cleaver (Deep Dwarf Fighter)             Turns: 5588, Time: 00:28:39

Health: -7/68      AC: 12    Str: 26    XL:     8   Next: 26%
Magic:  5/8        EV:  8    Int:  8    God:    Elyvilon [**....]
Gold:   197        SH: 11    Dex: 12    Spells: 0 memorised, 7 levels left

rFire  . . .     SeeInvis .     a - +1 war axe
rCold  . . .     Gourm    .     b - +1 scale mail
rNeg   . . .     Faith    .     c - +0 shield
rPois  .         Spirit   .     q - +0 helmet
rElec  .         Reflect  .     u - +0 cloak
rCorr  .         Harm     .     B - +0 pair of gloves
MR     ++...                    (no boots)
Stlth  ..........               (no amulet)
                                A - +3 ring of strength
                                o - ring of protection from magic

@: non-regenerating
A: damage resistance, recharge devices, sense surroundings 1, slow regeneration
3
a: Device Recharging, Lesser Healing, Heal Other, Divine Protection, Renounce
Religion


You were on level 5 of the Dungeon.
You worshipped Elyvilon.
Elyvilon was pleased with you.
You were not hungry.

You visited 2 branches of the dungeon, and saw 7 of its levels.

You collected 197 gold pieces.

Inventory:

Hand Weapons
 a - a +1 war axe (weapon)
 g - a +0 war axe
 y - a +0 morningstar
Armour
 b - a +1 scale mail (worn)
 c - a +0 shield (worn)
 h - a +0 chain mail
 k - a +0 ring mail
 q - a +0 helmet (worn)
 u - a +0 cloak (worn)
 B - a +0 pair of gloves (worn)
Jewellery
 o - a ring of protection from magic (left hand)
 x - an uncursed ring of protection from fire
 A - a +3 ring of strength (right hand)
 C - an uncursed ring of protection from magic
Wands
 e - a wand of heal wounds (0/9)
 i - a wand of lightning (6/15)
 n - a wand of random effects (11/48)
 w - a wand of lightning (4/15)
Scrolls
 f - a scroll of remove curse
 l - 2 scrolls of teleportation
 m - 3 scrolls of amnesia
 p - 3 scrolls of identify
Potions
 d - 2 potions of might
 r - a potion of invisibility
 s - a potion of berserk rage {unknown}
 v - a potion of haste {unknown}
 D - 2 potions of brilliance
Books
 t - a book of Geomancy

   Spells                             Type                      Level
   a - Sandblast                      Earth                        1
   b - Passwall                       Transmutation/Earth          2
   c - Stone Arrow                    Conjuration/Earth            3
   d - Petrify                        Transmutation/Earth          4
   e - Lee's Rapid Deconstruction     Earth                        5
Comestibles
 j - a bread ration
 z - a meat ration


   Skills:
 - Level 2.6 Fighting
 + Level 8.2 Axes
 + Level 5.6 Armour
 + Level 6.8 Shields


You had 7 spell levels left.
You didn't know any spells.

Dungeon Overview and Level Annotations

Branches:
Dungeon (6/15)             Temple (1/1) D:4

Altars:
Ashenzari
Cheibriados
Dithmenos
Elyvilon
Fedhas
Gozag
Hepliaklqana
Kikubaaqudgha
Makhleb
Nemelex Xobeh
Okawaru
Qazlal
Ru
Sif Muna
Trog
Uskayaw
Vehumet
Xom
Yredelemnul
Zin
The Shining One


Innate Abilities, Weirdness & Mutations

You are resistant to damage.
You can recharge devices by infusing magical energy.
You passively map a small area around you.
You do not regenerate.


Message History

* * * LOW HITPOINT WARNING * * *
You hear some strange, mumbled words.
A magic dart appears from out of thin air!
The magic dart hits you!
Things that are here:
a flail; an adder corpse You are healed.
You feel somewhat more hungry. You block the orc warrior's attack.
Something completely misses you.
You are healed.
You feel somewhat more hungry. The orc warrior barely misses you.
Something hits you.
* * * LOW HITPOINT WARNING * * *
You are healed.
You feel somewhat more hungry. The orc warrior barely misses you.
Something hits you but does no damage.
You closely miss something.
The orc warrior hits you from afar with an enchanted halberd!
* * * LOW HITPOINT WARNING * * *
You block something's attack.
You barely miss something. You block something's attack.
The orc warrior hits you from afar with an enchanted halberd!!
You die...

#.#...........###############
#.###########################
#.#########..................
#....................########
###########.###......#######.
#......# #......##...... #......#
#......##......
##########....o.###......##......
...............{@.........'......
.#########.....####......##......
.# ##.#######.#######......
.##########......[..#.......####.
.#<.........#########............
.#########......#####............
................'..##............
##########......##.#.............
#......##.#........#.###


You could see an orc warrior.

Vanquished Creatures
  Sigmund (D:3)
  An ice beast (D:5)
  A sky beast (D:5)
  An ogre (D:6)
  A scorpion (D:4)
  A howler monkey (D:5)
  3 crimson imps
  A centaur zombie (D:5)
  An orc priest (D:3)
  Crazy Yiuf (D:3)
  2 iguanas
  Jessica (D:2)
  3 orc wizards
  2 worker ants (D:4)
  2 hound skeletons
  8 gnolls
  10 adders
  2 adder skeletons (D:6)
  4 worms
  5 dart slugs
  4 leopard geckos
  19 orcs
  3 ball pythons
  7 bats
  4 giant cockroaches
  5 goblins
  7 hobgoblins
  6 jackals
  4 quokkas
  5 frilled lizards
  5 kobolds
  A quokka zombie (D:5)
  3 rats
124 creatures vanquished.

Notes
Turn   | Place    | Note
-------+----------+-------------------------------------------
     0 | D:1      | Kalash the Deep Dwarf Fighter began the quest for the Orb.
     0 | D:1      | Reached XP level 1. HP: 20/20 MP: 1/1
   345 | D:1      | Reached skill level 3 in Axes
   345 | D:1      | Reached XP level 2. HP: 27/27 MP: 2/2
   613 | D:2      | Reached XP level 3. HP: 25/33 MP: 3/3
   620 | D:2      | Reached skill level 4 in Axes
   902 | D:2      | Reached XP level 4. HP: 16/40 MP: 4/4
   943 | D:2      | Reached skill level 5 in Axes
   955 | D:2      | Noticed Jessica
  1044 | D:3      | Noticed Sigmund
  1055 | D:2      | Killed Jessica
  1261 | D:2      | Reached XP level 5. HP: 22/46 MP: 5/5
  1712 | D:3      | Found a runed door.
  1716 | D:3      | Noticed Crazy Yiuf
  1727 | D:3      | Killed Crazy Yiuf
  1727 | D:3      | Reached skill level 6 in Axes
  2602 | D:3      | Reached XP level 6. HP: 28/55 MP: 6/6
  3077 | D:4      | Reached skill level 5 in Shields
  3106 | D:4      | Found a staircase to the Ecumenical Temple.
  3115 | Temple   | Entered the Ecumenical Temple
  3200 | Temple   | Became a worshipper of Elyvilon the Healer
  3549 | D:4      | Reached * piety under Elyvilon
  3730 | D:4      | Reached skill level 7 in Axes
  3730 | D:4      | Reached XP level 7. HP: 34/61 MP: 7/7
  3874 | D:5      | Entered Level 5 of the Dungeon
  4762 | D:5      | Reached ** piety under Elyvilon
  5273 | D:3      | Killed Sigmund
  5273 | D:3      | Reached skill level 5 in Armour
  5273 | D:3      | Reached XP level 8. HP: 51/68 MP: 6/8
  5422 | D:6      | Reached skill level 8 in Axes
  5588 | D:5      | Mangled by an orc warrior

Skill      XL: |  1  2  3  4  5  6  7  8 |
---------------+-------------------------+-----
Axes           | 3 4 5 6 7 8 |  8.2
Shields        | 4 5 6 |  6.8
Armour         | 5 |  5.6
Fighting       | |  2.6

Action                   |  1- 3 |  4- 6 |  7- 9 || total
-------------------------+-------+-------+-------++-------
Melee: War axe           |    82 |   293 |   158 ||   533
Invok: Lesser Healing    |       |     5 |    22 ||    27
Evoke: Wand              |       |     5 |       ||     5
  Use: Scroll            |       |     8 |     5 ||    13
       Potion            |       |     2 |       ||     2
  Eat: Bread ration      |     1 |       |       ||     1
       Meat ration       |       |     1 |     2 ||     3
       Fruit             |       |     1 |     1 ||     2
       Royal jelly       |       |       |     1 ||     1
Armor: Scale mail        |    42 |   110 |    56 ||   208
Dodge: Dodged            |    22 |    58 |    39 ||   119
Block: Shield            |    46 |   164 |    63 ||   273
